[Event "*** Titled Tuesday 3|2 Blitz"]
[Site "Chess.com"]
[Date "2015.12.01"]
[Round "6"]
[White "Svetlin_Mladenov"]
[Black "Rickstereo"]
[Result "1-0"]
[WhiteElo "2326"]
[BlackElo "2216"]
[TimeControl "180+2"]
[EndTime "12:13:11 PST"]
[Termination "Svetlin_Mladenov won on time"]

1. e4 c5 2. Nf3 Nc6 3. Bb5 d6 4. Bxc6+ bxc6 5. O-O Nf6 6. e5 Nd5 7. Re1 Bg4 8. h3 Bh5 9. d3 e6 10. Nbd2 Be7 11. exd6 Bxd6 12. Ne4 Be7 13. Ng3 Bg6 14.
Ne5 Qc7 15. b3 O-O 16. Bb2 Bd6 17. Qg4 Nb4 18. Re2 a5 19. a3 Nd5 20. a4 Nf6 21. Qg5 h6 22. Qh4 Bh7 23. Rae1 Nd5 24. Nh5 f6 25. Nc4 g5 26. Qg4 f5 27. Qf3 Rae8 28.
Rxe6 1-0

[Event "*** Titled Tuesday 3|2 Blitz"]
[Site "Chess.com"]
[Date "2015.12.01"]
[Round "6"]
[White "Hikaru"]
[Black "spectralsoul"]
[Result "1-0"]
[WhiteElo "2919"]
[BlackElo "2493"]
[TimeControl "180+2"]
[EndTime "12:13:27 PST"]
[Termination "Hikaru won by resignation"]

1. e4 d6 2. d4 Nf6 3. Nc3 c6 4. f4 Qa5 5. Bd3 e5 6. Nf3 Bg4 7. dxe5 dxe5 8. O-O Nbd7 9. h3 Bxf3 10. Qxf3 Bd6 11.
f5 h6 12. a3 O-O 13. Kh1 Qc7 14. g4 Nh7 15. h4 Be7 16. g5 hxg5 17. hxg5 Bxg5 18.
Bxg5 Nxg5 19. Qg3 f6 20. Bc4+ Rf7 21. Rad1 Nb6 22. Ba2 Kf8 23. Qh4 Ke7 24. Bxf7 Nxf7 25.
Kg2 Nc4 26. Qf2 Qb6 27. Rfe1 Qxb2 28. Rd3 Nfd6 29. Rb1 Qxa3 30. Nd5+ cxd5 31. Rxa3 Nxa3 32. Rd1 d4 33. Qg3 Nxc2 34. Qxg7+ Nf7 35. Rh1 Ne3+ 36.
Kf2 Nc4 37. Rh6 Ne3 38. Qxf6+ Ke8 39. Qe6+ Kf8 40. Rh7 1-0

[Event "*** Titled Tuesday 3|2 Blitz"]
[Site "Chess.com"]
[Date "2015.12.01"]
[Round "6"]
[White "kikydu96"]
[Black "alturas_pacificas"]
[Result "1-0"]
[WhiteElo "2261"]
[BlackElo "2102"]
[TimeControl "180+2"]
[EndTime "12:13:27 PST"]
[Termination "kikydu96 won by resignation"]

1. e4 c6 2. d4 d5 3. Nc3 dxe4 4. Nxe4 Bf5 5. Ng3 Bg6 6. h4 h6 7. h5 Bh7 8. Nf3 Nd7 9. Bd3 Bxd3 10. Qxd3 Ngf6 11. Bd2 Qc7 12. O-O-O e6 13. Kb1 Bd6 14.
Ne4 Nxe4 15. Qxe4 Nf6 16. Qe2 O-O-O 17. c4 Kb8 18. Bc3 Rhe8 19. Ne5 Bxe5 20. dxe5 Nd7 21. f4 b6 22. Qg4 Rg8 23. Bb4 c5 24. Bc3 Kb7 25.
Rd6 Nb8 26. Rhd1 Rxd6 27. Rxd6 Nc6 28. Qf3 Rd8 29. Qd3 Kc8 30. a3 Nd4 31. Rxd8+ Qxd8 32. Bxd4 cxd4 33. g3 f6 34. exf6 Qxf6 35. b4 Kc7 36.
Qe4 Qf5 37. Qxf5 exf5 38. Kc2 1-0

[Event "*** Titled Tuesday 3|2 Blitz"]
[Site "Chess.com"]
[Date "2015.12.01"]
[Round "6"]
[White "Thomaslegend"]
[Black "chessdude"]
[Result "0-1"]
[WhiteElo "2123"]
[BlackElo "2267"]
[TimeControl "180+2"]
[EndTime "12:13:39 PST"]
[Termination "chessdude won by resignation"]

1. d4 Nf6 2. c4 g6 3. Nc3 Bg7 4.
e4 d6 5. h3 O-O 6. Bg5 Na6 7.
Bd3 c6 8. Nf3 Qe8 9. O-O e5 10. d5 c5 11. Nb5 Qd7 12. Ne1 h6 13. Be3 Nh5 14. Qd2 Kh7 15. g4 Nf4 16. Bxf4 exf4 17.
Qxf4 Bxb2 18. Rb1 Be5 19. Qd2 Nb4 20. f4 Bg7 21. a3 Nxd3 22. Qxd3 a6 23. Nc3 f5 24.
gxf5 gxf5 25. e5 dxe5 26. fxe5 Bxe5 27. Nf3 Bg7 28. Na4 Qd6 29. Nh4 b5 30. Nxf5 Qg6+ 31.
Qg3 Bxf5 32. Qxg6+ Bxg6 33. Rxf8 Rxf8 34. cxb5 Bxb1 0-1

[Event "*** Titled Tuesday 3|2 Blitz"]
[Site "Chess.com"]
[Date "2015.12.01"]
[Round "6"]
[White "silverback96"]
[Black "ilmago"]
[Result "1-0"]
[WhiteElo "1933"]
[BlackElo "1900"]
[TimeControl "180+2"]
[EndTime "12:13:50 PST"]
[Termination "silverback96 won by resignation"]

1. d4 Nf6 2. c4 g6 3. g3 Bg7 4. Bg2 O-O 5. Nc3 d6 6. Nf3 Nc6 7. O-O e5 8. d5 Ne7 9. e4 a5 10. Ne1 Nd7 11. Nd3 f5 12. Qe2 b6 13. f4 exf4 14.
Bxf4 Bd4+ 15. Kh1 fxe4 16. Nxe4 Nf5 17. Ng5 Nc5 18. Nxc5 bxc5 19. Ne6 Bxe6 20. dxe6 Qf6 21. Bxa8 Rxa8 22. Rae1 Bxb2 23. Bd2 Qe7 24. g4 Nd4 25. Qe4 Rf8 26. Bh6 Rxf1+ 27. Rxf1 Nxe6 28. Qxe6+ 1-0

[Event "*** Titled Tuesday 3|2 Blitz"]
[Site "Chess.com"]
[Date "2015.12.01"]
[Round "6"]
[White "VMikhalevski"]
[Black "Aygehovit1992"]
[Result "1-0"]
[WhiteElo "2526"]
[BlackElo "2437"]
[TimeControl "180+2"]
[EndTime "12:13:55 PST"]
[Termination "VMikhalevski won by resignation"]

1. Nf3 d5 2. g3 g6 3. Bg2 Bg7 4. d4 Nf6 5. c4 dxc4 6. Na3 c5 7.
Nxc4 cxd4 8. Qxd4 O-O 9. Qxd8 Rxd8 10. Nfe5 Nfd7 11. Nd3 Nc6 12. O-O Nd4 13. e3 Ne2+ 14. Kh1 Nf6 15. Nc5 Nxc1 16. Raxc1 Rb8 17. Na5 Ng4 18.
h3 Nh6 19. b4 Rd2 20. Rcd1 Bc3 21. a3 Bf5 22. Rxd2 Bxd2 23. Rd1 Bc3 24. g4 b6 25. Nc6 Re8 26. Na4 Bc2 27. Nxc3 Bxd1 28.
Nxd1 Kf8 29. Nxa7 Rd8 30. Nc3 Rd2 31. Kg1 f5 32. gxf5 Nxf5 33. Nd5 Ra2 34. Nb5 Nd6 35. Nxd6 exd6 36. Nxb6 Rxa3 37. Bc6 Rb3 38. Nd5 Rb1+ 39.
Kg2 Rc1 40. b5 Kf7 41. b6 Rb1 42. b7 Ke6 43. Nc7+ Ke5 44. Nb5 1-0

[Event "*** Titled Tuesday 3|2 Blitz"]
[Site "Chess.com"]
[Date "2015.12.01"]
[Round "6"]
[White "E-Shaposhnikov"]
[Black "Rikikits"]
[Result "0-1"]
[WhiteElo "2499"]
[BlackElo "2583"]
[TimeControl "180+2"]
[EndTime "12:14:10 PST"]
[Termination "Rikikits won by resignation"]

1. e4 c5 2. Nf3 d6 3. Bc4 Nf6 4.
e5 dxe5 5. Nxe5 e6 6. Qe2 Be7 7. b3 O-O 8. Bb2 a6 9. a4 Nfd7 10. f4 Bh4+ 11. g3 Bf6 12. Nc3 Qc7 13. Ne4 Be7 14.
O-O Nc6 15. Nxc6 Qxc6 16. f5 exf5 17. Rxf5 Nb6 18. Re5 Nxc4 19. bxc4 Be6 20. d3 f6 21. Rh5 Bf7 22. Rf5 Bg6 23. Rd5 Rae8 24. Qf3 f5 25.
Nf2 Bg5 26. Bc1 Re1+ 27. Kg2 Rxc1 28. Rxc1 Bxc1 29. Nh3 Bf7 30. Rxf5 Qxf3+ 31. Rxf3 Be8 0-1

[Event "*** Titled Tuesday 3|2 Blitz"]
[Site "Chess.com"]
[Date "2015.12.01"]
[Round "6"]
[White "ruifeng"]
[Black "AnastasiaProtopopova"]
[Result "1-0"]
[WhiteElo "2180"]
[BlackElo "1906"]
[TimeControl "180+2"]
[EndTime "12:14:10 PST"]
[Termination "ruifeng won by resignation"]

1. e4 e5 2. Nf3 Nc6 3. Bc4 Nf6 4. d4 exd4 5. O-O Nxe4 6. Re1 d5 7. Bxd5 Qxd5 8. Nc3 Qa5 9. Rxe4+ Be6 10. Nxd4 O-O-O 11. Be3 Nxd4 12. Rxd4 Ba3 13. bxa3 Qxc3 14. Rb1 Bxa2 15. Qg4+ Be6 16. Qe4 c6 17. Rdb4 Rd7 18. Bd4 Rxd4 19. Qxd4 Qxd4 20. Rxd4 Kc7 21. f4 b6 22. Kf2 c5 23.
Rd2 Bc4 24. Re1 Rd8 25. Re7+ Kc8 26. Rxd8+ Kxd8 27. Rxa7 Bd5 28. g3 b5 29. c3 c4 30. Ke3 Be6 31. Kd4 Bd7 32. Kc5 Ke7 33. Rxd7+ 1-0

[Event "*** Titled Tuesday 3|2 Blitz"]
[Site "Chess.com"]
[Date "2015.12.01"]
[Round "6"]
[White "bugsbunny444"]
[Black "jcibarra"]
[Result "0-1"]
[WhiteElo "2348"]
[BlackElo "2508"]
[TimeControl "180+2"]
[EndTime "12:14:11 PST"]
[Termination "jcibarra won by resignation"]

1. Nf3 Nf6 2. c4 g6 3. b4 Bg7 4.
Bb2 O-O 5. g3 d6 6. Bg2 e5 7. O-O e4 8. Nd4 c5 9. Nc2 Nc6 10. b5 Na5 11. d3 exd3 12. exd3 Bg4 13. Qc1 Be2 14. Nd2 Bxd3 15. Rd1 Nxc4 16. Nxc4 Bxc4 17.
Na3 Be2 18. Re1 Bg4 19. Bxb7 Rb8 20. Bc6 Bd7 21. Bxd7 Qxd7 22. Qd2 d5 23. Rad1 Rfd8 24.
Qa5 d4 25. Rc1 Bf8 26. Red1 Nd5 27. Qd2 Qh3 28. Qe2 Nb4 29. Ba1 Re8 30. Qf1 Qxf1+ 31.
Kxf1 Nxa2 32. Rc4 Nb4 33. Rb1 Nd5 34. Rc2 Re6 35. Nc4 Nb4 36. Re2 Rxe2 37. Kxe2 Rxb5 0-1

[Event "*** Titled Tuesday 3|2 Blitz"]
[Site "Chess.com"]
[Date "2015.12.01"]
[Round "6"]
[White "KnightSeeSix"]
[Black "gumersindo"]
[Result "1-0"]
[WhiteElo "2175"]
[BlackElo "2206"]
[TimeControl "180+2"]
[EndTime "12:14:16 PST"]
[Termination "KnightSeeSix won by resignation"]

1. e4 c6 2. d4 d5 3. Nc3 dxe4 4. Nxe4 Bf5 5. Ng3 Bg6 6. Nf3 Nd7 7. Bd3 Bxd3 8. Qxd3 Ngf6 9. O-O e6 10. Bd2 Be7 11.
Rae1 O-O 12. Re2 Bd6 13. Rfe1 Qc7 14. Ng5 Bf4 15. Qf3 Bxd2 16. Rxd2 h6 17. N5e4 Rad8 18.
c3 b6 19. Red1 Nd5 20. c4 N5f6 21. h3 Rfe8 22. Nc3 c5 23. Nb5 Qb8 24. dxc5 Nxc5 25.
Nd6 Rf8 26. b4 Na6 27. a3 Ne8 28. Nb5 Rxd2 29. Rxd2 Nf6 30. Ne4 Nxe4 31. Qxe4 Nc7 32. Nd4 a5 33. Nc6 Qa8 34. Rd7 axb4 35. axb4 Na6 36.
Ra7 f5 37. Ne7+ Kh7 38. Qxa8 1-0

[Event "*** Titled Tuesday 3|2 Blitz"]
[Site "Chess.com"]
[Date "2015.12.01"]
[Round "6"]
[White "ChessWarrior7197"]
[Black "Canairez"]
[Result "1-0"]
[WhiteElo "2459"]
[BlackElo "2235"]
[TimeControl "180+2"]
[EndTime "12:14:32 PST"]
[Termination "ChessWarrior7197 won by resignation"]

1. e4 c6 2. d4 d5 3. Nc3 dxe4 4. Nxe4 Nf6 5. Nxf6+ gxf6 6. c3 Bf5 7. Ne2 e6 8. Ng3 Bg6 9. h4 h5 10. Be2 Qa5 11. Bf4 Nd7 12. Qd2 O-O-O 13. O-O e5 14. Be3 Bd6 15. b4 Qc7 16. b5 c5 17. Bf3 f5 18. dxe5 Bxe5 19. Ne2 Nf6 20. Qc1 Ne4 21. Bf4 Nxc3 22. Qxc3 Bxf4 23. Nxf4 Qxf4 24. Qxc5+ Kb8 25. Rac1 Rc8 26. Qd5 Rc7 27. g3 Qxc1 28. Rxc1 Rxc1+ 29.
Kg2 Rc7 30. a4 Re8 31. a5 f4 32. b6 axb6 33. axb6 Rc6 34. Qd7 Ree6 35. Bxc6 Rxc6 36. Qd8+ Rc8 37. Qd6+ Ka8 38. Qa3+ 1-0

[Event "*** Titled Tuesday 3|2 Blitz"]
[Site "Chess.com"]
[Date "2015.12.01"]
[Round "6"]
[White "rikyshi"]
[Black "SlovenskiZmaj"]
[Result "1/2-1/2"]
[WhiteElo "2138"]
[BlackElo "2295"]
[TimeControl "180+2"]
[EndTime "12:14:42 PST"]
[Termination "Game drawn by repetition"]

1. e4 c6 2. d4 d5 3. Nc3 dxe4 4.
Nxe4 Bf5 5. Ng3 Bg6 6. h4 h6 7.
Nh3 e6 8. Nf4 Bh7 9. Bc4 Nf6 10.
c3 Bd6 11. Nfh5 Nxh5 12. Nxh5 Rg8 13. Bf4 Bxf4 14. Nxf4 b5 15. Bd3 Bxd3 16. Qxd3 Nd7 17. O-O-O Nf6 18. Rde1 Qd6 19. g3 O-O-O 20. Qf3 Kc7 21.
Re5 Nd7 22. Re2 e5 23. dxe5 Nxe5 24. Qe3 Rge8 25. Qxa7+ Kc8 26. Rhe1 Nc4 27. Qa8+ Kc7 28. Qa7+ Kc8 29. Qa8+ Kc7 30. Qa7+ Kc8 1/2-1/2

[Event "*** Titled Tuesday 3|2 Blitz"]
[Site "Chess.com"]
[Date "2015.12.01"]
[Round "6"]
[White "alexsuper1987"]
[Black "MateusViageiro"]
[Result "0-1"]
[WhiteElo "2189"]
[BlackElo "2273"]
[TimeControl "180+2"]
[EndTime "12:14:48 PST"]
[Termination "MateusViageiro won by resignation"]

1. e4 c5 2. Nf3 d6 3. d4 cxd4 4. Nxd4 Nf6 5. Nc3 a6 6. Be3 Ng4 7. Bg5 h6 8. Bc1 Nc6 9. h3 Nge5 10. Be2 g5 11. O-O Bg7 12. Be3 O-O 13. f4 gxf4 14. Nxc6 Nxc6 15. Bxf4 Qb6+ 16. Kh1 Qxb2 17. Nd5 Qxa1 18.
Qd3 Qd4 19. Qg3 Kh8 20. Qh4 Kh7 21. Bd3 Ne5 22. Qxe7 Nxd3 23. cxd3 Be6 24. Be3 Qxd3 25. Rf3 Bxd5 26. exd5 Rae8 27. Qxd6 Rxe3 0-1

[Event "*** Titled Tuesday 3|2 Blitz"]
[Site "Chess.com"]
[Date "2015.12.01"]
[Round "6"]
[White "LyonBeast"]
[Black "swayamsm"]
[Result "1-0"]
[WhiteElo "2735"]
[BlackElo "2457"]
[TimeControl "180+2"]
[EndTime "12:14:54 PST"]
[Termination "LyonBeast won by resignation"]

1. d4 e6 2. Nf3 Nf6 3. c4 b6 4. e3 Bb7 5. Bd3 Be7 6. Nc3 d5 7. b3 O-O 8. O-O Nbd7 9. Bb2 c5 10. Rc1 Rc8 11. Qe2 Re8 12. Rfd1 Qc7 13. dxc5 dxc4 14.
Bxc4 Qxc5 15. Nb5 a6 16. Na7 Rcd8 17. Bxa6 Bxf3 18. gxf3 Qg5+ 19. Kh1 Nc5 20. Rg1 Qh5 21. Bb5 Rf8 22. Nc6 Bd6 23. Rg2 e5 24. Nxd8 Rxd8 25. Rd1 g6 26. f4 Qxe2 27. Bxe2 Nfe4 28. fxe5 Be7 29. Rxd8+ Bxd8 30. f3 Ng5 31. b4 1-0

[Event "*** Titled Tuesday 3|2 Blitz"]
[Site "Chess.com"]
[Date "2015.12.01"]
[Round "6"]
[White "Haridaskesavan"]
[Black "AndreyOstrovskiy"]
[Result "0-1"]
[WhiteElo "2081"]
[BlackElo "2429"]
[TimeControl "180+2"]
[EndTime "12:14:56 PST"]
[Termination "AndreyOstrovskiy won by checkmate"]

1. a3 e5 2. g3 d5 3. Bg2 c6 4.
e3 Bd6 5. Ne2 h5 6. d4 e4 7. h4 Bg4 8. c4 Nd7 9. Nbc3 Ne7 10. b4 Nf6 11. Qb3 O-O 12. Bb2 a6 13. Nf4 Bxf4 14. gxf4 Nf5 15. c5 Ne8 16. Kd2 Nxh4 17.
Rh2 Nxg2 18. Rxg2 Nc7 19. Rag1 Ne6 20. Ne2 g6 21. Qd1 Ng7 22. Qf1 Nf5 23. Ng3 Nh4 24. Kc3 Nxg2 25. Qxg2 a5 26. f5 axb4+ 27. axb4 b6 28.
Qh2 Qb8 29. Qh4 bxc5 30. dxc5 Ra2 31. Kb3 Rxb2+ 32. Kxb2 Qxb4+ 33. Kc2 Qxc5+ 34. Kd2 Qb4+ 35. Kc2 Qc4+ 36. Kd2 Qd3+ 37. Ke1 Qd1# 0-1

[Event "*** Titled Tuesday 3|2 Blitz"]
[Site "Chess.com"]
[Date "2015.12.01"]
[Round "6"]
[White "BjarkeSahl"]
[Black "stefanodinn"]
[Result "0-1"]
[WhiteElo "2125"]
[BlackElo "2133"]
[TimeControl "180+2"]
[EndTime "12:15:03 PST"]
[Termination "stefanodinn won on time"]

1. e4 c5 2. Nf3 d6 3. d4 cxd4 4. Nxd4 Nf6 5. Nc3 a6 6. Bg5 e6 7. f4 h6 8. Bh4 Be7 9. Qf3 Qc7 10. O-O-O Nbd7 11. Bd3 g5 12. fxg5 Ne5 13. Qe2 Nfg4 14.
h3 hxg5 15. Bg3 Nf6 16. Rhf1 Bd7 17. Nf3 Nh5 18. Bh2 Nf4 19. Bxf4 gxf4 20. Qd2 Ng6 21.
e5 Nxe5 22. Qxf4 Rf8 23. Ne4 f5 0-1

[Event "*** Titled Tuesday 3|2 Blitz"]
[Site "Chess.com"]
[Date "2015.12.01"]
[Round "6"]
[White "jefferyx"]
[Black "Tesla37"]
[Result "1-0"]
[WhiteElo "2579"]
[BlackElo "2525"]
[TimeControl "180+2"]
[EndTime "12:15:12 PST"]
[Termination "jefferyx won by resignation"]

1. d4 d5 2. c4 c6 3. Nf3 Nf6 4. Nc3 a6 5. Qc2 g6 6. e4 dxe4 7. Nxe4 Nxe4 8. Qxe4 Bg7 9. Bf4 Bf5 10. Qe3 Nd7 11.
O-O-O O-O 12. h3 Qa5 13. g4 Be6 14. Kb1 Nb6 15. b3 Qb4 16. Qd2 Qxd2 17. Rxd2 Rac8 18. Bg2 Rfd8 19. Re1 Kf8 20. Ng5 Bd7 21. Nxh7+ Kg8 22. Ng5 e6 23. Ne4 Be8 24. Nd6 Ra8 25. Red1 Rd7 26.
Ne4 Rad8 27. Bg5 Rc8 28. Nc5 Rdc7 29. Bf4 e5 30. Bxe5 Bxe5 31. dxe5 Kf8 32. f4 Re7 33. Ne4 a5 34. Nf6 a4 35. h4 Ra8 36. Rd8 axb3 37. axb3 Rxd8 38. Rxd8 Nd7 39. Nxe8 1-0

[Event "*** Titled Tuesday 3|2 Blitz"]
[Site "Chess.com"]
[Date "2015.12.01"]
[Round "6"]
[White "ZEN-22"]
[Black "alex_zapata"]
[Result "1-0"]
[WhiteElo "2248"]
[BlackElo "2158"]
[TimeControl "180+2"]
[EndTime "12:15:14 PST"]
[Termination "ZEN-22 won by resignation"]

1. d3 d5 2. Nd2 e5 3. e4 Nf6 4. Ngf3 Nc6 5. exd5 Nxd5 6. g3 Be6 7. Bg2 Bd6 8. O-O O-O 9. Re1 f6 10. d4 Bf7 11. c4 Ndb4 12. c5 Be7 13. Nb3 Nxd4 14.
Nbxd4 exd4 15. a3 Nc6 16. b4 a6 17. Bb2 d3 18. Re3 Bc4 19. Nd2 Bf7 20. Nf3 Bc4 21.
Rc1 Bf7 22. Rxd3 Qc8 23. h4 Rd8 24. Rcc3 Qf5 25. Qe2 Bg6 26. Re3 Bf8 27. Kh2 Bh5 28.
Bh3 Bg4 29. Bxg4 Qxg4 30. Rc4 Qf5 31. Rf4 Qg6 32. Nd4 Ne5 33. h5 Qg5 34. Ne6 Qh6 35. Nxd8 Rxd8 36. Bxe5 fxe5 37. Rxe5 b6 38. Qc4+ Kh8 39.
Qf7 g6 40. Re8 Rxe8 41. Qxe8 Kg8 42. Qf7+ 1-0

[Event "*** Titled Tuesday 3|2 Blitz"]
[Site "Chess.com"]
[Date "2015.12.01"]
[Round "6"]
[White "yopino"]
[Black "Maitreia"]
[Result "0-1"]
[WhiteElo "2228"]
[BlackElo "2453"]
[TimeControl "180+2"]
[EndTime "12:15:21 PST"]
[Termination "Maitreia won by resignation"]

1. e4 c5 2. Nc3 g6 3. Bc4 Bg7 4. Qf3 e6 5. Nb5 d6 6. Qg3 e5 7. Qb3 Nh6 8. Qd3 O-O 9. Qxd6 Qg5 10. g3 Nc6 11. Qxc5 a6 12. Nc7 Nd4 13. Bb3 Rb8 14. c3 Nxb3 15. axb3 b6 16. Qc4 Bb7 17. Nd5 Rbc8 18. d3 Qd8 19. Qb4 Bxd5 20. exd5 Qxd5 21.
f3 Qxd3 22. Qe4 Qd6 23. Ne2 f5 24. Qc2 a5 25. O-O Rcd8 26. Be3 Nf7 27. Rad1 Qe6 28. c4 h5 29. Nc3 Kh7 30. Nd5 b5 31. f4 e4 32. Bd4 bxc4 33. bxc4 Bxd4+ 34. Rxd4 Nh6 35. Ra1 Ng4 36. Rxa5 Rf7 37. Rd1 e3 38. Qe2 Re8 39.
c5 h4 40. b4 h3 41. Rda1 Rd7 42. Nc3 Rd2 43. Ra7+ Kh6 44. R1a6 Rxe2 45. Nxe2 Qc4 46. Ra2 Qe4 0-1

[Event "*** Titled Tuesday 3|2 Blitz"]
[Site "Chess.com"]
[Date "2015.12.01"]
[Round "6"]
[White "HansCoolNiemann"]
[Black "Grootneus"]
[Result "1-0"]
[WhiteElo "2182"]
[BlackElo "2021"]
[TimeControl "180+2"]
[EndTime "12:15:41 PST"]
[Termination "HansCoolNiemann won by resignation"]

1. d4 Nf6 2. c4 c5 3. d5 b5 4.
cxb5 a6 5. f3 axb5 6. e4 d6 7.
Bxb5+ Bd7 8. Bxd7+ Nbxd7 9. Nc3 g6 10. Nh3 Bg7 11. O-O O-O 12. Nf2 Qb6 13. Rb1 Rfb8 14. Bd2 Ne8 15. f4 c4 16. Qe2 Qa6 17. Be3 Nc7 18.
Rfc1 Bxc3 19. bxc3 Qxa2 20. Rxb8+ Nxb8 21. Qxa2 Rxa2 22.
Rb1 Nd7 23. h4 Re2 24. Bd4 Na6 25. Rb7 Nac5 26. Rc7 f6 27. h5 gxh5 28. Kf1 Rc2 29. Nd1 Kf7 30. Ne3 Rc1+ 31. Ke2 Ke8 32. Rc8+ Kf7 33. Rc7 Ke8 34. Nf5 Nxe4 35. Ng7+ Kf7 36. Rxd7 Kxg7 37. Rxe7+ Kg6 38. Rxe4 Kf5 39. Re6 Kxf4 40.
Rxf6+ Kg3 41. Rxd6 Rc2+ 42. Ke3 Rxg2 43. Rh6 h4 44. d6 Ra2 45. d7 Ra8 46. Bf6 h3 47. d8=Q Rxd8 48. Bxd8 Kg2 49. Bc7 1-0

[Event "*** Titled Tuesday 3|2 Blitz"]
[Site "Chess.com"]
[Date "2015.12.01"]
[Round "6"]
[White "motivated_bishop"]
[Black "chessbia"]
[Result "1-0"]
[WhiteElo "2262"]
[BlackElo "2093"]
[TimeControl "180+2"]
[EndTime "12:15:46 PST"]
[Termination "motivated_bishop won by resignation"]

1. d4 d5 2. c4 dxc4 3. e3 e5 4.
Bxc4 exd4 5. exd4 Bd6 6. Nf3 Nf6 7. Qe2+ Qe7 8. Qxe7+ Kxe7 9. O-O c6 10. Re1+ Be6 11. Bxe6 fxe6 12. Ng5 h6 13. Rxe6+ Kd7 14. Rxd6+ Kxd6 15. Nf7+ Kc7 16. Nxh8 Na6 17. Ng6 Nb4 18. Bf4+ Kb6 19.
Nd2 Nd3 20. Be5 c5 21. dxc5+ Kxc5 22. Bxf6 gxf6 23. Ne4+ Kd4 24. Nxf6 Nxb2 25. Rc1 b5 26.
f4 a5 27. f5 b4 28. Nd7 Nd3 29. Rd1 Ke3 30. f6 Ke2 31. Rb1 Rd8 32. f7 Kd2 33. f8=Q Rxf8 34. Ngxf8 Kc2 35. Rf1 Kb2 36. Rf3 Nc1 37. Rf2+ Ka3 38. Nb6 Nxa2 39. Nc4+ Kb3 40. Nxa5+ Ka3 41. g4 Nc3 42. h4 b3 43. Nxb3 Kxb3 44.
Rf3 Kc4 45. Rxc3+ Kxc3 46. g5 hxg5 47. hxg5 Kd4 48. g6 1-0

[Event "*** Titled Tuesday 3|2 Blitz"]
[Site "Chess.com"]
[Date "2015.12.01"]
[Round "6"]
[White "Matibar"]
[Black "BIG_Pirate"]
[Result "0-1"]
[WhiteElo "2397"]
[BlackElo "2301"]
[TimeControl "180+2"]
[EndTime "12:15:50 PST"]
[Termination "BIG_Pirate won by resignation"]

1. Nc3 d5 2. Nf3 Nf6 3. e3 Bf5 4. Be2 e6 5. Nh4 Bg6 6. d4 c5 7. O-O Nc6 8. Bf3 Bd6 9. g3 a6 10. Re1 Be4 11. Nxe4 dxe4 12. dxc5 Bxc5 13. Qxd8+ Rxd8 14. Bd1 Ne5 15. Rf1 g5 16. Ng2 Nf3+ 17. Bxf3 exf3 18.
Ne1 g4 19. Nd3 Bd6 20. b3 h5 21. Bb2 Rh6 22. Bxf6 Rxf6 23. Rad1 Ke7 24. Nf4 Rf5 25. Rd3 Bxf4 26. Rxd8 Kxd8 27. Rd1+ Rd5 28. Rxd5+ exd5 29. exf4 Kd7 30. Kf1 Ke6 31. Ke1 Kf5 32. Kd2 Ke4 33. Kc3 b5 34. Kb4 Kd4 35. a4 bxa4 36. bxa4 f5 37.
a5 Ke4 38. Kc5 d4 39. Kb6 d3 40. cxd3+ Kxd3 41. Kxa6 Ke2 42. Kb7 Kxf2 43. a6 Kg1 44. a7 f2 45. a8=Q f1=Q 46. Qh8 Qg2+ 47. Kc7 Qxh2 48. Qe5 Qxg3 49. Qxf5 h4 50. Kd6 h3 51.
Qb1+ Kh2 52. Ke5 Qe3+ 53. Kf5 g3 0-1

[Event "*** Titled Tuesday 3|2 Blitz"]
[Site "Chess.com"]
[Date "2015.12.01"]
[Round "6"]
[White "DaPazz"]
[Black "AnimationDomination"]
[Result "1-0"]
[WhiteElo "1820"]
[BlackElo "1741"]
[TimeControl "180+2"]
[EndTime "12:15:59 PST"]
[Termination "DaPazz won by resignation"]

1. d4 Nf6 2. c4 g6 3. Nc3 Bg7 4. Bg5 d6 5. Qd2 Nbd7 6. Bh6 O-O 7.
Bxg7 Kxg7 8. g3 e5 9. Bg2 c6 10. Nf3 Qc7 11. dxe5 dxe5 12. O-O Nh5 13. Rfd1 f5 14. e4 f4 15. g4 Nhf6 16. h3 b6 17. Rac1 Ba6 18. Ng5 Rfe8 19. b3 h6 20. Nf3 Rad8 21.
Qb2 g5 22. Rd2 Nc5 23. Rcd1 Rxd2 24. Nxd2 Ne6 25. Ne2 c5 26. Nc3 Nd4 27. Nd5 Qd6 28. Nxf6 Qxf6 29. f3 Ne2+ 30. Kf2 Nd4 31. Nb1 Rd8 32.
Nc3 Qe6 33. Nd5 Bb7 34. Rh1 Rd6 35. h4 Rd8 36. hxg5 hxg5 37. Rh5 Ba8 38. Qb1 Qg6 39. Qh1 Bxd5 40. cxd5 Rg8 41. Bf1 Kf7 42. Rh7+ Rg7 43. Rh6 1-0

[Event "*** Titled Tuesday 3|2 Blitz"]
[Site "Chess.com"]
[Date "2015.12.01"]
[Round "6"]
[White "dretch"]
[Black "GMharikrishna"]
[Result "0-1"]
[WhiteElo "2406"]
[BlackElo "2534"]
[TimeControl "180+2"]
[EndTime "12:16:09 PST"]
[Termination "GMharikrishna won by resignation"]

1. d4 d5 2. c4 c6 3. Nf3 Nf6 4. Nc3 e6 5. cxd5 exd5 6. Bg5 Be7 7. e3 Nbd7 8. Qc2 Nf8 9. Bd3 Ne6 10. Bh4 g6 11. h3 O-O 12. O-O-O b5 13. Kb1 a5 14. Ne5 Bb7 15. f4 Ng7 16. f5 Nd7 17. Bxe7 Qxe7 18. Nxd7 Qxd7 19. g4 Rae8 20. Qf2 Qd6 21. h4 gxf5 22. h5 f4 23. exf4 Re7 24. g5 Bc8 25. f5 f6 26. g6 h6 27. Qd2 Nxf5 28. Rhf1 Ne3 29. g7 Rff7 30. Rg1 Rxg7 31. Rxg7+ Kxg7 32.
Rg1+ Ng4 33. Bc2 f5 34. Ne2 Qh2 35. Rxg4+ fxg4 36. Qd3 Qh1+ 37. Nc1 Qxh5 38. Qh7+ Kf6 39. Qh8+ Kg5 40. Qxc8 Kh4 41. Qxc6 Re1 42. Qf6+ Kh3 43. Qf2 Qh4 44. Qd2 Rg1 45. Bd3 Qg5 46. Qc3 Qxc1+ 47. Qxc1 Rxc1+ 48. Kxc1 g3 0-1

[Event "*** Titled Tuesday 3|2 Blitz"]
[Site "Chess.com"]
[Date "2015.12.01"]
[Round "6"]
[White "Zvonokchess"]
[Black "1stSecond"]
[Result "0-1"]
[WhiteElo "2537"]
[BlackElo "2439"]
[TimeControl "180+2"]
[EndTime "12:16:19 PST"]
[Termination "1stSecond won by resignation"]

1. Nf3 Nf6 2. g3 g6 3. Bg2 Bg7 4. O-O O-O 5. d4 d6 6. c4 c6 7. Nc3 a5 8. e4 Na6 9. Re1 Nd7 10. e5 dxe5 11. dxe5 Ndc5 12. Bg5 Re8 13. Qxd8 Rxd8 14. Bxe7 Re8 15. Bd6 Be6 16. b3 a4 17. b4 Nd3 18.
Re3 Ndxb4 19. Rb1 c5 20. Ng5 Bxc4 21. Bxb7 Ra7 22. Bg2 Nc2 23. Re4 Nd4 24. Rd1 a3 25. Bxc5 Nxc5 26. Rexd4 Be6 27. f4 f6 28. Rd8 Re7 29. Nd5 fxg5 30. Nxe7+ Kf7 31. Nc6 gxf4 32. gxf4 Bxa2 33. Bd5+ Bxd5 34. R8xd5 Ne6 35. Nd8+ Nxd8 36. Rxd8 Rxd8 37. Rxd8 Bh6 38. Rd7+ Ke6 39. Rxh7 Bxf4 40. Ra7 Be3+ 41. Kf1 Bxa7 0-1

[Event "*** Titled Tuesday 3|2 Blitz"]
[Site "Chess.com"]
[Date "2015.12.01"]
[Round "6"]
[White "FabianEnglert"]
[Black "Saitama_Hero"]
[Result "0-1"]
[WhiteElo "2292"]
[BlackElo "2135"]
[TimeControl "180+2"]
[EndTime "12:16:26 PST"]
[Termination "Saitama_Hero won on time"]

1. Nf3 Nf6 2. g3 g6 3. b4 Bg7 4. Bb2 O-O 5. Bg2 d5 6. O-O c6 7. d3 Bg4 8. Nbd2 Nbd7 9. c4 a5 10. b5 cxb5 11. cxb5 a4 12. Rb1 Re8 13. h3 Bxf3 14.
Nxf3 e5 15. Ba3 Qb6 16. e3 Ra5 17. Bb4 Rxb5 18. Qxa4 Bf8 19. Bc5 Rxc5 20. Rxb6 Nxb6 21. Qa7 Nfd7 22. Rb1 Ra8 23. Qxb7 Rb8 24. Rxb6 Rxb7 25. Rxb7 Rc1+ 26. Kh2 Nc5 27. Rb5 Nxd3 28. Rxd5 Nxf2 29.
Nxe5 Rc2 30. a4 Ne4 31. a5 Ra2 32. Kg1 Nc3 33. Rd8 Ne2+ 34. Kh2 Kg7 35. Ra8 Bd6 36.
Re8 f6 0-1